[Event "Spring Chess Classic B 2024"]
[Site "Saint Louis"]
[Date "2024.04.17"]
[Round "7.2"]
[White "Chandra, Akshat"]
[Black "Kevlishvili, Robby"]
[Result "1/2-1/2"]
[ECO "C70"]
[WhiteElo "2489"]
[BlackElo "2524"]
[Annotator "TA"]
[PlyCount "65"]
[EventDate "2024.04.11"]
[EventCountry "USA"]
[SourceTitle "playchess.com"]
[Source "ChessBase"]
[SourceQuality "1"]
[TimeControl "7200+30"]

1. e4 e5 2. Nf3 Nc6 3. Bb5 a6 4. Ba4 f5 5. d4 exd4 6. e5 b5 7. Bb3 {[%emt 0:00:13][%cal Oe1g1] Hoping for 0-0!} Bb7 8. O-O {[%emt 0:05:43][%cal Oa2a4] White is slightly better.} (8. Nxd4 $2 Nxd4 9. Qxd4 c5 $19) 8... Na5 $1 9. Nxd4 (9. Qxd4 c5 10. Qf4 c4 $15) 9... c5 $1 10. Nxf5 c4 $1 11. Nc3 {[%emt 0:02:24][%cal Oc3d5] [#] Nd5! would now be deadly.} Qb6 $1 12. Nd5 Qc6 13. Nf4 (13. Qh5+ $2 g6 14. Qg4 Qxd5 $19 (14... cxb3 $2 15. Nfe3 $19)) 13... O-O-O $1 {[%emt 0:02:48][%cal Of8c5] [#]} 14. a4 $1 cxb3 15. Nd4 bxc2 $1 16. Qd2 Qc4 {[%emt 0:04:32] The position is equal.} 17. axb5 axb5 18. Qxa5 (18. Rxa5 $2 {perishes.} Bb4 19. Nxb5 d5 $19 (19... Bxd2 $2 20. Nd6+ Kb8 21. Nxc4 $17)) 18... Qxd4 19. Qxb5 {[%emt 0:01:04] Strongly threatening Ra4.} Qb4 ({Wrong is} 19... Ne7 $2 20. Be3 Bc6 (20... Qe4 $2 21. Ra4 $18) 21. Ra8+ Bxa8 22. Bxd4 $18) 20. Qd3 Qe4 21. Qb3 {[%emt 0:01:06] Be3 is the strong threat.} Ne7 22. Ra4 $1 Qxe5 {[%emt 0:00:27] aiming for ...Nd5.} 23. Be3 {[%emt 0:03:38][%cal Of1c1] Black must now prevent Rc1! Dancing on a razor blade.} Nf5 {[%emt 0:03:11] And now ...Nxe3 would win.} 24. Qxc2+ (24. Nd3 $5 Qd5 $8 25. Qc3+ Bc6 (25... Qc6 $2 26. Rc4 $18) 26. Nf4 $11) 24... Bc6 25. Ra8+ Kc7 26. Ra7+ Kb8 27. Rfa1 $1 {[%emt 0:02:18][%cal Oc2c6] White threatens Qxc6! and mate.} Nxe3 28. Qb3+ Qb5 $1 29. Ra8+ $1 Kc7 $1 30. R8a7+ Kb8 31. Ra8+ $1 Kc7 $1 32. R8a7+ Kb8 33. Ra8+ $1 {[%emt 0:00:06] Weighted Error Value: White=0.02 (flawless) /Black=0.00 (flawless) .  Inaccurate:     	White=1     	---        OK:         	White=14    	Black=7      Best:        	White=2     	Black=5      Strong:       	White=5     	Black=9} 1/2-1/2

[Event "Spring Chess Classic B 2024"]
[Site "Saint Louis"]
[Date "2024.04.17"]
[Round "7.3"]
[White "Van Foreest, Lucas"]
[Black "Ali Marandi, Cemil Can"]
[Result "1/2-1/2"]
[ECO "E32"]
[WhiteElo "2512"]
[BlackElo "2516"]
[Annotator "TA"]
[PlyCount "62"]
[EventDate "2024.04.11"]
[EventCountry "USA"]
[SourceTitle "playchess.com"]
[Source "ChessBase"]
[SourceQuality "1"]
[TimeControl "7200+30"]

1. d4 Nf6 2. c4 e6 3. Nc3 Bb4 4. Qc2 O-O 5. e4 d5 6. e5 Ne4 7. Bd3 c5 8. Nf3 cxd4 9. Nxd4 Nd7 10. Bf4 Qh4 11. g3 Qh5 $132 {[%emt 0:00:06][%mdl 2048] Black is fighting back} 12. O-O g5 ({Reject} 12... Nxe5 13. Be2 Ng4 14. Bxg4 Qxg4 15. f3 $16 (15. cxd5 Ng5 $11)) 13. cxd5 (13. Bc1 {seems wilder.} Nxe5 14. cxd5 Bxc3 15. Be2) 13... gxf4 14. dxe6 Nxc3 15. exd7 Bxd7 {[%emt 0:00:20] [#] aiming for ...Ba4.} 16. bxc3 Rac8 17. Bf5 (17. gxf4 $2 {perishes.} Bxc3 18. Qd1 Bg4 $19 (18... Qxd1 $2 19. Raxd1 Bxd4 20. Be2 $19)) 17... fxg3 18. hxg3 Bxc3 {[%emt 0:02:06] A strong pair of Bishops.} 19. Qd1 (19. Bxd7 Bxa1 20. Bxc8 Bxd4) (19. Bxd7 {simplifies} Bxa1 20. Bxc8 Bxd4 21. Bxb7 Qxe5 22. Kg2) 19... Qxd1 20. Raxd1 Rc4 21. Bxd7 {[%emt 0:00:07][%cal Oe5e6] [#] Threatens to win with e6!} Rxd4 22. Rxd4 Bxd4 $11 {[%emt 0:00:02][%mdl 4096] Endgame. KRB-KRB} 23. e6 fxe6 24. Bxe6+ Kg7 25. Kg2 Rd8 26. Rd1 Bb6 {[%emt 0:00:08] The position is equal.} 27. Rxd8 Bxd8 28. Bb3 Bf6 29. Be6 Bd8 30. Bb3 Bf6 31. Be6 Bd8 {[%emt 0:00:06] Weighted Error Value: White=0.04 (flawless) /Black=0.02 (flawless) .  Inaccurate:     	White=1     	---        OK:         	White=11    	Black=13     Best:        	---       	Black=2} 1/2-1/2

[Event "Spring Chess Classic B 2024"]
[Site "Saint Louis"]
[Date "2024.04.18"]
[Round "7.4"]
[White "Stearman, Josiah"]
[Black "Batsuren, Dambasuren"]
[Result "1/2-1/2"]
[ECO "D36"]
[WhiteElo "2462"]
[BlackElo "2515"]
[Annotator "TA"]
[PlyCount "150"]
[EventDate "2024.04.11"]
[EventCountry "USA"]
[SourceTitle "playchess.com"]
[Source "ChessBase"]
[SourceQuality "1"]
[TimeControl "7200+30"]

1. d4 Nf6 2. c4 e6 3. Nc3 d5 4. cxd5 exd5 5. Bg5 c6 6. Qc2 Be7 7. e3 Nbd7 8. Bd3 h6 9. Bf4 Nh5 10. Nf3 $1 {[%emt 0:05:00][%mdl 4] outshines the older 10.Bg3. D36: Queen's Gambit Declined: Exchange Variation: Main line (5 Bg5 c6 6 Qc2).} Nxf4 11. exf4 Bd6 12. Ne5 Qf6 13. g3 g5 $146 ({Predecessor:} 13... Nb6 14. O-O O-O 15. Rfe1 g6 16. Nd1 Bh3 17. Ne3 Rac8 18. Qe2 c5 19. N3g4 Qg7 {1-0 Moskalenko,V (2416)-Alfaro Rojas,A (2301) Catalunya-chT Gp1 2024 (1.4)}) 14. Qe2 Kd8 15. Qh5 Rf8 16. O-O-O gxf4 17. Ng4 Qg5 18. Qxh6 Qxh6 19. Nxh6 Nf6 20. Rdg1 Be6 21. Nf5 Bc7 22. f3 fxg3 23. hxg3 Rg8 24. Ne2 Kd7 25. g4 Rh8 26. g5 Nh5 27. Rh4 Rag8 28. Kd1 Bd8 29. f4 Kc7 30. Rgh1 Nxf4 (30... Bxf5 $2 31. Bxf5 Nxf4 32. Rxh8 $18) 31. Nxf4 (31. Rxh8 Rxh8 32. Rxh8 Nxd3 $11) 31... Rxh4 32. Nxe6+ ({But not} 32. Nxh4 Rxg5 33. Nxe6+ fxe6 $16) 32... fxe6 33. Nxh4 Rh8 34. g6 Bxh4 35. g7 Rg8 36. Rxh4 Rxg7 37. Kd2 Re7 38. Rh5 Kd6 39. Rh6 Kc7 (39... Rg7 $142 40. Bf1 a5) 40. a4 ({Better is} 40. b4 $1) 40... e5 {[%emt 0:01:39] [#]} (40... Kb6 $142 41. Kc3 e5 42. dxe5 Rxe5) 41. dxe5 $1 $16 Rxe5 42. Rh7+ Kb8 43. b4 a6 44. Kc3 Rg5 45. Rh4 Rg3 46. Rh8+ Ka7 47. Kd4 (47. a5 $16) 47... Rg4+ 48. Kc5 Rf4 (48... Rg3 $142 49. Bf5 Rc3+ 50. Kd6 a5) 49. Rh7 (49. a5 $16) 49... Rg4 (49... Rf3 $14 50. Bg6 Rc3+ 51. Kd6 Rc4) 50. Rh1 Rf4 51. Ra1 Kb8 52. Rf1 Rh4 53. Rc1 Kc7 54. a5 Kb8 55. Rf1 Ka7 56. Rf8 Rg4 57. Rh8 Rf4 58. Rg8 Rh4 59. Rg7 Rf4 60. Rg8 Rh4 $1 61. Rf8 Rg4 $1 {[%emt 0:00:14] [#]} 62. b5 $2 (62. Rf3 $1 $16) 62... cxb5 63. Be2 Ra4 64. Bf3 (64. Kxd5 Rxa5 65. Rf7 Ra2) 64... Rxa5 65. Kxd5 b4+ 66. Kc4 Rb5 67. Kb3 Rb6 68. Rf7 Kb8 69. Bd5 Rb5 70. Bc4 Rb6 71. Be2 Ka7 72. Bf3 Kb8 73. Rf8+ Ka7 74. Rf7 Kb8 75. Rf8+ Ka7 1/2-1/2

[Event "Spring Chess Classic B 2024"]
[Site "Saint Louis"]
[Date "2024.04.18"]
[Round "7.5"]
[White "Kantor, Gergely"]
[Black "Woodward, Andy"]
[Result "1-0"]
[ECO "A16"]
[WhiteElo "2527"]
[BlackElo "2515"]
[Annotator "TA"]
[PlyCount "73"]
[EventDate "2024.04.11"]
[EventCountry "USA"]
[SourceTitle "playchess.com"]
[Source "ChessBase"]
[SourceQuality "1"]
[TimeControl "7200+30"]

1. Nf3 Nf6 2. c4 g6 3. Nc3 d5 4. cxd5 Nxd5 5. h4 Bg7 6. h5 Nc6 7. d4 Nb6 8. Bf4 {[%emt 0:18:45] White has an edge.} Bg4 (8... Nxd4 $5 9. Nxd4 e5 $11) 9. hxg6 $1 hxg6 10. Rxh8+ Bxh8 11. e3 e5 12. dxe5 ({But not} 12. Bxe5 Nxe5 13. dxe5 Qe7 $11) 12... Qxd1+ $1 13. Rxd1 Bxf3 14. gxf3 Nxe5 15. Nb5 Rc8 16. Bh3 f5 17. Ke2 a6 18. Nc3 Nec4 19. b3 $36 {[%emt 0:02:59][%mdl 2048] Black is under pressure.} Nb2 $2 {[%emt 0:05:43] This move loses the game for Black.} (19... Bxc3 $11 {and Black stays safe.} 20. bxc4 Kf7) 20. Rc1 $18 c5 21. Ne4 $1 {[%emt 0:04:12] Nd6+ is the strong threat.} Rc6 {[%emt 0:16:32] [#]} 22. Nd6+ ({Stronger than} 22. Nxc5 Nd5 23. Kd2 Nxf4 24. exf4 Rd6+ 25. Kc2 b6 26. Nxa6 Rc6+ 27. Kd2 Rxc1 28. Kxc1 Nd3+ 29. Kd2 Nxf4 $11) 22... Ke7 23. Nxb7 c4 24. Bg5+ Bf6 25. Bxf6+ Kxf6 26. Na5 Rc5 {[%emt 0:09:49] [#]} 27. Nxc4 g5 {[%emt 0:01:44] [#]} (27... f4 {keeps fighting.} 28. Bf1 (28. exf4 N2xc4 29. bxc4 Nd5 $16) 28... fxe3 29. Kxe3 g5) 28. Bxf5 $1 N2xc4 29. Bb1 Rb5 30. bxc4 {[%emt 0:00:20][%cal Bb3c4,Bc4c5,Bc5c6][%mdl 4128] Endgame. KRB-KRN} Rb2+ 31. Kf1 Ke5 32. c5 {[%emt 0:00:25] White is clearly winning.} Nd5 33. Be4 {[%emt 0:00:56] aiming for Bxd5.} Nc7 34. Rc2 Rxc2 (34... Rb8 $142 35. c6 Rg8 36. Rc5+ Kd6) 35. Bxc2 Kd5 36. Kg2 Ne8 {[%emt 0:00:00] [#]} 37. c6 $1 {[%emt 0:00:17] Weighted Error Value: White=0.05 (flawless) /Black=0.30.  Loses game:     	---       	Black=1      Mistake:       	---       	Black=2      Inaccurate:     	White=2     	Black=4      OK:         	White=14    	Black=11     Best:        	White=3     	Black=2      Strong:       	White=2     	Black=1      Brilliant:      	White=1     	---} 1-0

[Event "Spring Chess Classic B 2024"]
[Site "Saint Louis"]
[Date "2024.04.18"]
[Round "8.1"]
[White "Raja Harshit"]
[Black "Woodward, Andy"]
[Result "1-0"]
[ECO "A16"]
[WhiteElo "2458"]
[BlackElo "2515"]
[Annotator "TA"]
[PlyCount "79"]
[EventDate "2024.04.11"]
[EventCountry "USA"]
[SourceTitle "playchess.com"]
[Source "ChessBase"]
[SourceQuality "1"]
[TimeControl "7200+30"]

1. Nf3 Nf6 2. c4 g6 3. Nc3 Bg7 4. e4 e5 5. Nxe5 O-O 6. d3 Nxe4 $1 7. dxe4 Bxe5 8. Bh6 {[%emt 0:00:10] White has an edge.} Re8 9. Qd2 d6 10. O-O-O Nd7 11. h4 Nc5 12. h5 c6 (12... g5 {simplifies} 13. Bxg5 Bxc3 14. bxc3 Nxe4 15. Bxd8 Nxd2 16. Bxc7 Nxf1 17. Rhxf1 Be6) 13. hxg6 fxg6 14. f4 Bf6 15. f5 Qa5 $2 {[%emt 0:07:44] White leaves nothing to chance now.} (15... gxf5 $11 {and Black stays safe.} 16. Rh5 (16. Qxd6 Qxd6 17. Rxd6 Bxc3 $17) 16... Nxe4 17. Nxe4 Rxe4) 16. fxg6 $18 (16. Qxd6 $2 {loses.} Bxc3 17. bxc3 Qxc3+ (17... Nxe4 18. Qd4 $17) 18. Kb1 Nxe4 $19) 16... hxg6 17. Qxd6 Be6 18. Qg3 Bf7 19. Bd2 $1 $40 {[%emt 0:05:24][%cal Bh6d2,Bd2g5,Bg5f6][%mdl 160] White is out for blood.} Qb6 $2 (19... Qb4) 20. Bg5 $1 Nxe4 {[%emt 0:01:37][%cal Bc5e4,Be4f6,Bf6h5][%mdl 32] [#]} 21. Bxf6 $1 Nxf6 22. Qh4 $1 Qe3+ 23. Kc2 $1 ({Weaker is} 23. Kb1 Nh5 $14) 23... Nh5 {[%emt 0:03:36] [#]} 24. g4 $1 g5 {[%emt 0:01:10] [#]} 25. Qh2 Bg6+ 26. Bd3 Rf8 {[%emt 0:00:32] White must now prevent ...Rf2+.} 27. Bxg6 Rf2+ {[%emt 0:00:13] [#]} 28. Qxf2 $3 Qxf2+ {[%emt 0:00:08] Black is weak on the light squares} 29. Rd2 Qf6 30. gxh5 ({Less strong is} 30. Bxh5 Rd8 31. Rxd8+ Qxd8 $18) 30... Rd8 31. Re2 Kg7 (31... Rf8 $142 32. Rg1 Kh8) 32. Rhe1 Rd7 33. Re6 Qf2+ 34. R1e2 Qh4 {[%emt 0:00:07] [#]} 35. h6+ $1 Qxh6 36. Be8 Qh7+ 37. Kb3 Kf8 38. Rf2+ {[%emt 0:06:25] White mates.} Kg8 39. Bxd7 Qxd7 40. Rg6+ {[%emt 0:00:02] Weighted Error Value: White=0.10 (very precise) /Black=0.68.  Loses game:     	---       	Black=1      Mistake:       	---       	Black=2      Inaccurate:     	---       	Black=1      OK:         	White=5     	Black=12     Best:        	White=5     	Black=1      Strong:       	White=6     	Black=1      Brilliant:      	White=1     	---} 1-0

[Event "Spring Chess Classic B 2024"]
[Site "Saint Louis"]
[Date "2024.04.19"]
[Round "8.2"]
[White "Batsuren, Dambasuren"]
[Black "Kantor, Gergely"]
[Result "1-0"]
[ECO "E54"]
[WhiteElo "2515"]
[BlackElo "2527"]
[Annotator "TA"]
[PlyCount "101"]
[EventDate "2024.04.11"]
[EventCountry "USA"]
[SourceTitle "playchess.com"]
[Source "ChessBase"]
[SourceQuality "1"]
[TimeControl "7200+30"]

1. d4 Nf6 2. c4 e6 3. Nc3 Bb4 4. e3 O-O 5. Bd3 d5 6. Nf3 dxc4 7. Bxc4 c5 8. O-O Nc6 9. Re1 {[%emt 0:01:24] E54: Nimzo-Indian: Rubinstein: Main Line: 7...dxc4 8 Bxc4.} h6 10. a3 Ba5 11. Qd3 $146 ({Predecessor:} 11. h3 cxd4 12. exd4 Bc7 13. d5 exd5 14. Nxd5 Nxd5 15. Bxd5 Qf6 16. Qb3 Rb8 17. Bd2 Qg6 {½-½ Paredes Guzman,F (1891)-Berdayes Ason,D (2445) Iberoamerican-ch 8th 2022 (1)}) 11... a6 12. dxc5 Qxd3 13. Bxd3 Bxc3 14. bxc3 Nd7 15. a4 Nxc5 16. Bc2 Rd8 17. Ba3 Nd7 18. Red1 b6 19. Bd6 Nf6 20. c4 Ra7 (20... Ne8 $14) 21. Ne5 $16 Nxe5 (21... Rxd6 $2 22. Rxd6 Bd7 23. Nxc6 $18) 22. Bxe5 Rxd1+ 23. Rxd1 Nd7 {[%emt 0:00:23] [#]} 24. Bb8 (24. a5 $1 $18 {[%cal Ra5b6][%mdl 512] axb6 would now be deadly.} bxa5 (24... b5 25. c5) 25. c5) 24... Rb7 $16 25. Bg3 a5 {[%emt 0:05:06] [#]} ({Better is} 25... f6) 26. Be4 $1 $16 Ra7 27. Bb8 Ra6 28. Bc7 Kf8 29. Bc6 Ke7 30. f4 (30. Bb5 $16 {Hoping for Rxd7+.} Ra7 31. Bd6+ Kf6 32. Ba3) 30... f5 31. Rb1 Kf7 (31... Ra7 $14 32. Bxb6 Nxb6 33. Rxb6 Ra6) 32. Rd1 ({White should play} 32. Bd8 $16) 32... Ra7 $2 (32... Ke7 $11 {and Black stays safe.}) 33. Bd8 $18 (33. Rxd7+ Bxd7 34. Bb8 (34. Bxb6 $2 Ra6 $19) 34... Bxc6 $11) 33... Nc5 34. Rb1 (34. Bxb6 $6 Ra6 35. Rb1 Nd7 36. Bxd7 (36. c5 Nxc5 37. Bf3 Ne4 $16) 36... Bxd7 $14) (34. Bb5 $18 Rb7 35. Rd6) 34... Nd7 35. Rd1 (35. Bxb6 Ra6 36. Bxd7 (36. c5 Nxc5 37. Bf3 Ne4 $14) 36... Bxd7 $14) (35. Kf2 $142) 35... Nc5 $1 $18 {[%emt 0:00:12] [#]} 36. Bb5 $1 (36. Bxb6 $6 Ra6 37. Rb1 Nd7 38. Bxd7 (38. c5 Nxc5 39. Bf3 Ne4 $16) 38... Bxd7 $14) 36... Rb7 37. Rd6 Bd7 38. Bxb6 Bxb5 39. axb5 (39. Bxc5 Bxc4 40. h3 Bb3 $11) 39... Nb3 (39... Ne4 {was called for.} 40. Rc6 a4) 40. c5 $18 a4 41. Rd8 a3 42. Ra8 (42. c6 $142 a2 43. Ra8 (43. cxb7 a1=Q+ 44. Kf2 Qb2+ 45. Kg3 Nd2 $18) 43... Rxb6 44. c7 (44. Rxa2 Ke7 $17)) 42... Nd2 43. Rxa3 (43. c6 $142 Rxb6 44. c7 (44. Rxa3 $2 Rxb5 45. Ra6 Rc5 $19)) 43... Kg6 44. c6 Rxb6 45. c7 Rxb5 46. c8=Q ({And not} 46. c8=R Rb1+ 47. Kf2 Ne4+ 48. Ke2 (48. Kf3 Rb2) 48... Rb2+ 49. Kf1 Rb1+ 50. Ke2 Rb2+ 51. Kf1 Rb1+ 52. Ke2 $11) 46... Rb1+ 47. Kf2 Ne4+ 48. Ke2 Rb2+ 49. Kd1 Rb1+ 50. Kc2 Rb6 51. Ra6 (51. Ra7 $142 Nd6 52. Qc7 (52. Qxe6+ Kh7 53. Qf6 Rb7 54. Rxb7 Nxb7 55. Qxf5+ Kg8 56. Qd5+ Kh8 57. Qxb7 Kg8) 52... Rb7 53. Rxb7 Nxb7 54. Qxb7 h5 55. Qe7 h4 56. Qxe6+ (56. Qxh4 Kf7 57. Kc3 Ke8 58. Kd4 Kd7 59. Kc5 Ke8 60. Kd6 Kf7 61. Qe7+ Kg8) 56... Kh7 57. Qxf5+ Kh8 58. Qg6) 1-0

[Event "Spring Chess Classic B 2024"]
[Site "Saint Louis"]
[Date "2024.04.18"]
[Round "8.3"]
[White "Ali Marandi, Cemil Can"]
[Black "Stearman, Josiah"]
[Result "1/2-1/2"]
[ECO "C81"]
[WhiteElo "2516"]
[BlackElo "2462"]
[Annotator "TA"]
[PlyCount "114"]
[EventDate "2024.04.11"]
[EventCountry "USA"]
[SourceTitle "playchess.com"]
[Source "ChessBase"]
[SourceQuality "1"]
[TimeControl "7200+30"]

1. e4 e5 2. Nf3 Nc6 3. Bb5 a6 4. Ba4 Nf6 5. O-O Nxe4 6. d4 b5 7. Bb3 d5 8. dxe5 Be6 9. Qe2 Be7 10. Rd1 O-O 11. c4 bxc4 12. Bxc4 Bc5 13. Be3 Bxe3 14. Qxe3 Qb8 15. Bb3 Na5 16. Nbd2 Nxb3 17. axb3 Nxd2 18. Rxd2 Rc8 {[%emt 0:00:38] Black is weak on the dark squares} 19. Rc1 Qb4 20. Rc6 Rab8 21. Rd3 a5 (21... h6 {feels hotter.} 22. Rdc3 Qe4 23. Nd4 Bd7) 22. h3 a4 (22... Bd7 $11 {remains equal.} 23. Rc5 c6) 23. Nd4 $1 $16 Bd7 {[%emt 0:00:10] [#]} 24. e6 fxe6 $1 $14 {[%emt 0:00:38] [#]} (24... Bxc6 25. exf7+ (25. Nxc6 Qd6 $16) 25... Kf8 26. Ne6+ (26. Nxc6 Qd6 $18) 26... Kxf7 27. Ng5+ Kf8 28. Qe6 $18 (28. Nxh7+ $2 Kg8 $19) (28. Nxh7+ $2 Kg8 $19)) 25. Qe5 $1 {[%emt 0:01:57][%cal Od3g3] aiming for Rg3!} Qe7 {[%emt 0:07:30] [#]} (25... Bxc6 $2 26. Rg3 Qf8 27. Nxe6 $18) 26. Rg3 $1 {[%emt 0:01:20] White wants to mate with Nf5.} Kh8 $1 (26... Bxc6 $2 27. Nf5 (27. Nxc6 Qd7 $14) 27... exf5 28. Qxe7 $18) 27. Rxc7 Rxc7 28. Qxc7 Rc8 29. Qe5 Qf6 30. Qd6 (30. Qxf6 gxf6 31. bxa4 Rc4 $11) 30... Qxd4 31. Qxd7 $16 {[%emt 0:01:42][%mdl 4096] Endgame. KQR-KQR} Rg8 32. bxa4 (32. Qxe6 Qxb2 33. bxa4 (33. Qxd5 $2 {perishes.} a3 $19) 33... Qa1+ 34. Kh2 Qxa4 $14) 32... Qxb2 33. Qxe6 Qa1+ 34. Kh2 {[%emt 0:00:08] Active counter play!} Qxa4 35. Qxd5 Qf4 36. Qc5 h6 37. Qe3 Qb8 38. Qd4 Qc7 39. Qc3 Qxc3 40. Rxc3 $14 {[%emt 0:00:03] KR-KR} Ra8 41. g4 Kh7 42. f4 Ra7 43. Kg3 Kg8 44. h4 Kf7 {[%emt 0:00:23] [#]} 45. f5 (45. h5 $1 $16) 45... Ra1 (45... g6 $14) 46. g5 (46. Rc7+ $16 Kf6 47. Rc6+ Kf7 48. g5 hxg5 49. hxg5) 46... hxg5 $11 {[%emt 0:00:07] The position is equal.} 47. hxg5 Rg1+ 48. Kf4 Rf1+ 49. Rf3 Ra1 50. Re3 Rf1+ $1 51. Rf3 Ra1 52. Re3 Rf1+ $1 53. Ke5 g6 54. fxg6+ Kxg6 55. Rg3 Rf5+ 56. Ke4 Rxg5 57. Rxg5+ Kxg5 {[%emt 0:00:02] Weighted Error Value: White=0.07 (flawless) /Black=0.07 (flawless) .  Mistake:       	White=3     	Black=2      Inaccurate:     	---       	Black=1      OK:         	White=13    	Black=16     Best:        	White=2     	Black=5      Strong:       	White=3     	Black=4} 1/2-1/2

[Event "Spring Chess Classic B 2024"]
[Site "Saint Louis"]
[Date "2024.04.18"]
[Round "8.4"]
[White "Kevlishvili, Robby"]
[Black "Van Foreest, Lucas"]
[Result "1/2-1/2"]
[ECO "C67"]
[WhiteElo "2524"]
[BlackElo "2512"]
[Annotator "TA"]
[PlyCount "64"]
[EventDate "2024.04.11"]
[EventCountry "USA"]
[SourceTitle "playchess.com"]
[Source "ChessBase"]
[SourceQuality "1"]
[TimeControl "7200+30"]

1. e4 e5 2. Nf3 Nc6 3. Bb5 Nf6 4. O-O Nxe4 5. Re1 Nd6 6. a4 Be7 7. Nc3 Nxb5 8. axb5 {[%emt 0:00:56] White has an edge.} Nb4 {[%emt 0:00:09] The position is equal.} 9. d4 d6 10. Ra4 $1 a5 11. bxa6 Nxa6 12. dxe5 dxe5 {[%emt 0:00:51] Threatens to win with ...Qxd1.} 13. Qxd8+ Bxd8 14. Rxe5+ Be6 15. Nd4 Bf6 16. Re1 Bxd4 17. Rxd4 Rd8 {[%emt 0:01:24] Black is weak on the dark squares} 18. Rxd8+ Kxd8 19. Bf4 Re8 20. f3 Re7 21. Nb5 Bf5 22. Rxe7 Kxe7 23. Nxc7 Nxc7 24. Bxc7 Bxc2 $11 {[%emt 0:00:02][%mdl 4096] Endgame. KB-KB} 25. Kf2 Bd3 26. Kg1 f6 27. Kf2 Kf7 28. Bd6 Bc2 29. Bc7 Bd3 30. Bd6 Bc2 31. Bc7 Bd3 32. Bd6 Bc2 {[%emt 0:00:03] An uneventful encounter.   Weighted Error Value: White=0.02 (flawless) /Black=0.02 (flawless) .  OK:         	White=11    	Black=14     Best:        	---       	Black=1      Strong:       	White=1     	---} 1/2-1/2

[Event "Spring Chess Classic B 2024"]
[Site "Saint Louis"]
[Date "2024.04.19"]
[Round "8.5"]
[White "Budisavljevic, Luka"]
[Black "Chandra, Akshat"]
[Result "1-0"]
[ECO "D75"]
[WhiteElo "2483"]
[BlackElo "2489"]
[Annotator "TA"]
[PlyCount "77"]
[EventDate "2024.04.11"]
[EventCountry "USA"]
[SourceTitle "playchess.com"]
[Source "ChessBase"]
[SourceQuality "1"]
[TimeControl "7200+30"]

1. Nf3 d5 2. g3 c5 3. Bg2 Nf6 4. O-O g6 5. c4 Bg7 6. cxd5 Nxd5 7. d4 cxd4 8. Nxd4 O-O 9. Nc3 Nxc3 10. bxc3 Nc6 11. Nxc6 bxc6 12. Qxd8 Rxd8 13. Bxc6 Rb8 14. Bf4 Rb2 15. Rad1 {[%emt 0:08:53] The position is equal.} Rf8 16. Rd2 Rxd2 17. Bxd2 Be6 18. Rc1 Rc8 19. Bb5 Bxa2 20. c4 Bd4 21. Bb4 Kf8 22. Kf1 Rb8 {[%emt 0:16:14] [#] ...a6 would now be deadly.} 23. Bd2 Rb6 24. Rd1 {[%emt 0:02:09] Bh6+ is the strong threat.} Rd6 25. Bh6+ Kg8 $1 26. Rc1 {[%emt 0:00:25] Threatens to win with c5.} Bc5 27. Bf4 Rd8 28. f3 (28. Kg2 $14) 28... f6 $11 29. g4 e5 30. Bg3 Kf7 31. Bf2 Bxf2 32. Kxf2 {[%emt 0:00:01][%mdl 4096] Endgame. KRB-KRB} Rd4 $2 {[%emt 0:01:11] [#] This move loses the game for Black.} (32... a5 $11) 33. Rc2 $1 $18 Bb1 34. Rb2 Rd1 35. c5 {[%emt 0:00:45] Strongly threatening c6.} Ke6 36. Ba4 Rc1 37. Rb7 {[%emt 0:04:01] White threatens Bb3+ and mate.} Ba2 (37... e4 38. Ke3 (38. Rxh7 exf3 39. Bb3+ Ke5 $14) 38... Ba2) 38. Be8 ({Weaker is} 38. Rxh7 Rxc5 39. h4 (39. Rxa7 g5 $16) 39... e4 $18) 38... Rxc5 39. Bf7+ {[%emt 0:00:03] Weighted Error Value: White=0.06 (flawless) /Black=0.31.  Loses game:     	---       	Black=1      Mistake:       	White=1     	Black=1      Inaccurate:     	White=1     	Black=1      OK:         	White=11    	Black=11     Best:        	White=2     	---        Strong:       	White=1     	Black=1} ({Less strong is} 39. Rxh7 Bb1 $16) (39. Rxa7 Bd5 40. h4 (40. Rxh7 g5 $16) 40... g5 $16) 1-0

[Event "Spring Chess Classic B 2024"]
[Site "Saint Louis"]
[Date "2024.04.19"]
[Round "9.1"]
[White "Chandra, Akshat"]
[Black "Raja Harshit"]
[Result "1-0"]
[ECO "C54"]
[WhiteElo "2489"]
[BlackElo "2458"]
[Annotator "TA"]
[PlyCount "151"]
[EventDate "2024.04.11"]
[EventCountry "USA"]
[SourceTitle "playchess.com"]
[Source "ChessBase"]
[SourceQuality "1"]
[TimeControl "7200+30"]

1. e4 e5 2. Nf3 Nc6 3. Bc4 Nf6 4. d3 Bc5 5. O-O d6 6. c3 h6 7. Re1 O-O {[%emt 0:00:57] C54: Giuoco Piano: 4 c3 Nf6, main lines with 5 d4 and 5 d3.} 8. b4 Bb6 9. Nbd2 a5 10. b5 Ne7 11. d4 Ng6 12. Bf1 d5 $146 ({Predecessor:} 12... Be6 13. Qc2 Re8 14. Bb2 a4 15. c4 exd4 16. Nxd4 Nd7 17. N2f3 Nge5 18. Rad1 Bg4 {0-1 Svidler,P (2714)-Le,Q (2709) Saint Louis Blitz 2021 (4)}) 13. exd5 exd4 14. c4 a4 15. Ba3 Re8 16. Rxe8+ Qxe8 17. Qc2 Bg4 18. Re1 Qd7 19. c5 Bf5 20. Qb2 Ba5 21. c6 Qxd5 22. cxb7 Qxb7 23. Nxd4 Bd7 24. Rc1 Ne5 25. Nc4 Nxc4 26. Rxc4 Bb6 (26... Qd5 $11 {keeps the balance.}) 27. Bc5 (27. Nc6 $16 {Strongly threatening Ne7+.} Bxc6 28. Rxc6 (28. bxc6 Qc8 $14)) 27... Bxc5 28. Rxc5 Qb6 29. Qc2 Rd8 (29... Re8 $11) 30. Nf3 Be8 31. h3 a3 32. Rc3 Bxb5 33. Bxb5 Qxb5 34. Rxa3 c5 35. Rc3 Rc8 36. Nd4 Qe8 (36... Qb4 $11 37. Nf5 Rd8) 37. Rxc5 $16 Qe1+ 38. Kh2 Rxc5 39. Qxc5 Qxf2 40. Qc8+ Kh7 41. Qc2+ Qxc2 42. Nxc2 Nd5 43. a4 Kg6 44. Kg3 Kf5 45. Kf3 ({White should play} 45. a5 $16) 45... Ke5 $14 46. a5 Nc7 47. Nb4 Kd6 48. Ke4 Kc5 49. Nd3+ Kb5 50. Ke5 Ne8 51. Kd5 Kxa5 52. Kc6 Nf6 53. Kd6 Kb5 54. Ke7 Nd5+ 55. Kxf7 Kc4 56. Ne1 Kd4 57. Kxg7 Ke3 58. Kxh6 Kf4 $1 59. Nd3+ Kg3 $2 {[%emt 0:01:08][%mdl 8192] [#]} (59... Ke3 $11) 60. Kg5 $1 Nc3 61. Nc5 Nb5 62. h4 Nd6 63. h5 Nf7+ 64. Kf6 Nh6 65. Kg5 Nf7+ $1 66. Kf6 Nh6 $1 67. Kg6 Ng4 68. Kg5 Ne5 69. Ne4+ Kxg2 70. Nd6 Nd7 71. h6 Nf8 72. Kf6 Kf3 73. Kg7 Ne6+ 74. Kg8 Ng5 75. Nf7 Ne4 76. Kg7 1-0